 Dungeon Crawl Stone Soup version 0.27-a0-1290-g15d3ce7508 (webtiles) character file.

Game seed: 4242761330588561535

4991 Delamore the Spear-Bearer (level 10, 0/74 HPs)
             Began as a Formicid Fighter on June 15, 2021.
             Was an Initiate of Gozag.
             Slain by a vampire (8 damage)
             ... on level 10 of the Dungeon.
             The game lasted 00:10:13 (10891 turns).

Delamore the Spear-Bearer (Formicid Fighter)       Turns: 10891, Time: 00:10:14

Health: 0/74       AC: 15    Str: 24    XL:     10   Next: 83%
Magic:  10/10      EV:  6    Int:  8    God:    Gozag
Gold:   683        SH: 16    Dex: 16    Spells: 9/9 levels left

rFire    + . .     SeeInvis +   E - +2 halberd (freeze)
rCold    . . .     Faith    .   C - +0 kite shield {reflect}
rNeg     . . .     Spirit   .   v - +0 plate armour
rPois    .         Reflect  +   (helmet unavailable)
rElec    .         Harm     .   c - +0 cloak
rCorr    .         Rampage  .   H - +0 pair of gloves
Will     +....                  p - +0 pair of boots
Stlth    ..........             o - amulet of reflection
HPRegen  0.22/turn              h - ring of protection from fire
MPRegen  0.12/turn              g - +6 ring of dexterity

@: studying 2 skills
A: permanent stasis, dig shafts and tunnels, antennae 3, four strong arms
a: Dig, Shaft Self, Renounce Religion, Potion Petition, Call Merchant, Bribe
Branch


You were on level 10 of the Dungeon.
You worshipped Gozag.
Gozag was pleased with you.
You visited 2 branches of the dungeon, and saw 11 of its levels.
You also visited: Bailey.

You collected 1033 gold pieces.
You spent 270 gold pieces at shops.
You paid 80 gold pieces to Gozag.

Inventory:

Hand Weapons
 a - a +1 trident
 E - a +2 halberd of freezing (weapon)
 F - a +2 bardiche of venom
Missiles
 f - 29 poisoned darts (quivered)
 t - 8 atropa-tipped darts
 x - 3 curare-tipped darts
 B - 7 silver boomerangs
Armour
 c - a +0 cloak (worn)
 p - a +0 pair of boots (worn)
 v - a +0 plate armour (worn)
 C - a +0 kite shield of reflection (worn)
 H - a +0 pair of gloves (worn)
Jewellery
 g - a +6 ring of dexterity (right hand)
 h - a ring of protection from fire (left hand)
 o - an amulet of reflection (around neck)
 q - a ring of positive energy
Wands
 u - a wand of iceblast (7)
 y - a wand of flame (26)
 I - a wand of paralysis (13)
Scrolls
 b - a scroll of torment {unknown}
 e - 2 scrolls of fog
 r - 2 scrolls of enchant armour
 G - a scroll of immolation {unknown}
Potions
 d - 2 potions of might
 i - a potion of cancellation
 j - a potion of haste {unknown}
 k - a potion of magic
 l - a potion of heal wounds
 m - 4 potions of curing
 n - 2 potions of invisibility
 s - a potion of resistance
 w - 3 potions of attraction
 z - 3 potions of flight
 A - a potion of experience {unknown}
 D - a potion of brilliance {unknown}


   Skills:
 - Level 5.0 Fighting
 * Level 12.3 Polearms
 + Level 5.2 Throwing
 - Level 5.0 Armour
 + Level 7.0 Shields


You had 9 spell levels left.
You didn't know any spells.
Your spell library contained the following spells:

 Spells                   Type           Power      Damage    Failure   Level
 Magic Dart               Conj           0%         1d3       100%        1
 Sting                    Tmut/Pois      0%         1d3       100%        1
 Summon Small Mammal      Summ           0%         N/A       100%        1
 Call Imp                 Summ           0%         N/A       100%        2
 Poisonous Vapours        Pois/Air       0%         N/A       100%        2
 Searing Ray              Conj           0%         3d3       100%        2
 Call Canine Familiar     Summ           0%         N/A       100%        3
 Confusing Touch          Hex            0%         N/A       100%        3
 Dazzling Flash           Conj/Hex       0%         N/A       100%        3
 Gell's Gravitas          Tloc           0%         N/A       100%        3
 Ignite Poison            Fire/Tmut/Pois 0%         N/A       100%        3
 Mephitic Cloud           Conj/Pois/Air  0%         N/A       100%        3
 Summon Guardian Golem    Hex/Summ       0%         N/A       100%        3
 Fulminant Prism          Conj/Hex       0%         3d6       100%        4
 Iskenderun's Mystic Bla  Conj/Tloc      0%         2d3       100%        4
 Olgreb's Toxic Radiance  Pois           0%         N/A       100%        4
 Petrify                  Tmut/Erth      0%         N/A       100%        4
 Summon Ice Beast         Ice/Summ       0%         N/A       100%        4
 Summon Lightning Spire   Summ/Air       0%         N/A       100%        4
 Metabolic Englaciation   Hex/Ice        0%         N/A       100%        5
 Yara's Violent Unravell  Hex/Tmut       0%         3d3       100%        5


Dungeon Overview and Level Annotations

Branches:
Dungeon (11/15)            Temple (1/1) D:5            Lair (0/6) D:8
    Orc (0/2) D:10         Bailey (visited)

Altars:
Ashenzari
Cheibriados
Dithmenos
Elyvilon
Fedhas
Gozag
Hepliaklqana
Kikubaaqudgha
Makhleb
Nemelex Xobeh
Okawaru
Qazlal
Ru
Sif Muna
Trog
Wu Jian
Xom
Yredelemnul
Zin
The Shining One

Shops:
D:7 !

Annotations:
D:6 2 transporters


Innate Abilities, Weirdness & Mutations

You cannot be hasted, slowed, berserked, paralysed or teleported.
You can dig through walls and to a lower floor.
You have a pair of large antennae on your head. (SInv)
Your four strong arms can wield two-handed weapons with a shield.


Message History

The vampire is severely damaged.
The vampire hits you but does no damage.
You block the vampire's attack.
You slash the vampire! You freeze the vampire.
The vampire is almost destroyed.
The vampire casts a spell at you.
You are confused.
You are too confused!
You are too confused!
A vampire is nearby!
You are too confused!
You are too confused!
You are too confused!
You hit the vampire but do no damage.
The vampire is almost destroyed.
The vampire hits you.
The vampire bites you but does no damage.
You bump into the rock wall.
The vampire draws life force from you!
The vampire is healed by the life force!
You barely miss the vampire.
The vampire is severely damaged.
You puncture the vampire! You freeze the vampire.
The vampire is almost destroyed.
The vampire draws life force from you.
The vampire is healed by the life force!
The vampire draws life force from you!
* * * LOW HITPOINT WARNING * * *
The vampire is healed by the life force!
You bump into the rock wall.
The vampire gestures at you while chanting.
You easily resist.
You bump into the rock wall.
The vampire draws life force from you!
* * * LOW HITPOINT WARNING * * *
The vampire is healed by the life force!
You barely miss the vampire.
The vampire is moderately damaged.
You feel less confused. You block the vampire's attack. The vampire bites you!
You die...
Your body crumbles into a pile of gold.

#.......,,,,,,,,,,,*
#......#***####*,,,*
#......#,,,....*,,,*
******##......##,.....*,,,*
***,,,,,.........#,.....*,,,*
,,,,,,,,.........#......*,,,*
,,,,,,,,.........#......*,,,*
,,,,,,,,.........V......*,,**
,,,,,,,,........@#......*,,*
,,,,,,,,.........#,.....+,,*
,,,,,,,,.........#,,....+,,*
,,,,,,,,.........#,,,...*,,*
###############..#,,,,..+,,*
......>.......#..##,,,,.*,,*
..............#...#,,,,,*,,*
..........<...#...#,,,,,#..####
..............#...#,,,,,#.....#


You could see a vampire (invisible).

Vanquished Creatures
  An orc knight (Bailey)
  An ugly thing (D:8)
  A troll (D:10)
  Sigmund (D:5)
  2 water moccasins
  An ice beast (D:5)
  12 orc warriors (Bailey)
  A sky beast (D:5)
  An ogre (D:5)
  5 centaurs
  A kobold brigand (D:10)
  A wyvern zombie (D:5)
  3 scorpions
  A wyvern skeleton (D:6)
  7 howler monkeys
  9 wights
  A centaur zombie (D:8)
  A bullfrog zombie (D:6)
  3 jellies
  3 hounds
  2 orc priests
  Ijyb (D:5)
  A centaur skeleton (D:5)
  4 iguanas
  A bullfrog skeleton (D:4)
  3 orc wizards
  A howler monkey zombie (D:7)
  A gnoll (D:5)
  A howler monkey skeleton (D:4)
  3 adders
  A shadow imp (D:6)
  2 white imps
  An ufetubus (D:4)
  4 worms
  3 dart slugs
  27 orcs
  6 ball pythons
  6 bats
  10 endoplasms
  5 giant cockroaches
  5 goblins
  5 hobgoblins
  9 jackals
  16 kobolds
  3 quokkas
  11 frilled lizards
  A goblin skeleton (D:8)
  A goblin zombie (D:8)
  5 hobgoblin zombies (D:8)
  A kobold skeleton (D:8)
  2 kobold zombies (D:8)
  An orc skeleton (D:8)
  3 rats (D:2)
202 creatures vanquished.

Vanquished Creatures (others)
  3 plants (D:3)
3 creatures vanquished.

Grand Total: 205 creatures vanquished

Notes
Turn   | Place    | Note
-------+----------+-------------------------------------------
     0 | D:1      | Delamore the Formicid Fighter began the quest for the Orb.
     0 | D:1      | Reached XP level 1. HP: 18/18 MP: 1/1
     3 | D:1      | Noticed a minotaur skeleton
    16 | D:1      | Noticed a minotaur skeleton
    55 | D:1      | Reached XP level 2. HP: 9/24 MP: 2/2
   319 | D:1      | Reached XP level 3. HP: 30/30 MP: 3/3
   328 | D:1      | Reached skill level 3 in Polearms
  1126 | D:1      | Reached XP level 4. HP: 29/37 MP: 4/4
  1650 | D:2      | Reached skill level 4 in Polearms
  1749 | D:2      | Reached XP level 5. HP: 26/42 MP: 5/5
  2692 | D:3      | Found a basalt altar of Yredelemnul.
  3110 | D:3      | Found an ancient bone altar of Kikubaaqudgha.
  3136 | D:3      | Found a burning altar of Makhleb.
  3234 | D:4      | Reached skill level 5 in Polearms
  3234 | D:4      | Reached XP level 6. HP: 36/49 MP: 6/6
  3515 | D:4      | Reached skill level 5 in Fighting
  3682 | D:4      | Identified the +2 robe of Boiling Hail {Slay+3}
  4203 | D:5      | Entered Level 5 of the Dungeon
  4288 | D:5      | Reached skill level 6 in Polearms
  4288 | D:5      | Reached XP level 7. HP: 20/56 MP: 7/7
  4600 | D:5      | Found a staircase to the Ecumenical Temple.
  4615 | D:5      | Reached skill level 7 in Polearms
  4621 | Temple   | Entered the Ecumenical Temple
  5179 | D:5      | Noticed Sigmund
  5205 | D:5      | Killed Sigmund
  5206 | D:5      | Reached XP level 8. HP: 50/62 MP: 8/8
  5273 | D:5      | Reached skill level 8 in Polearms
  5489 | D:5      | Found an opulent altar of Gozag.
  5502 | D:5      | Became a worshipper of Gozag Ym Sagoz the Greedy
  5541 | D:5      | Reached skill level 9 in Polearms
  5818 | D:5      | Noticed Ijyb
  5833 | D:5      | Killed Ijyb
  6376 | D:6      | Reached skill level 10 in Polearms
  6376 | D:6      | Reached XP level 9. HP: 64/68 MP: 9/9
  6794 | D:6      | Found a stormy altar of Qazlal.
  6962 | D:6      | Found a transporter.
  6966 | D:6      | Noticed an unseen horror
  6970 | D:6      | Found a transporter.
  6976 | D:6      | Noticed a gargoyle
  6976 | D:6      | Noticed a gargoyle
  6978 | D:6      | Found a white marble altar of Elyvilon.
  7275 | D:7      | Reached skill level 1 in Throwing
  8092 | D:7      | Found a broken altar of Ashenzari.
  8093 | D:7      | Found an iron altar of Okawaru.
  8095 | D:7      | Found a sacrificial altar of Ru.
  8184 | D:7      | Found a shimmering altar of Xom.
  8312 | D:7      | Found Onaimouc's Distillery.
  8321 | D:7      | Bought a potion of heal wounds for 75 gold pieces
  8321 | D:7      | Bought a potion of heal wounds for 75 gold pieces
  8321 | D:7      | Bought a potion of heal wounds for 75 gold pieces
  8321 | D:7      | Bought a potion of curing for 45 gold pieces
  8635 | D:8      | Reached skill level 5 in Shields
  8675 | D:8      | Found a staircase to the Lair.
  8771 | D:8      | Found a glowing golden altar of the Shining One.
  8980 | D:8      | Identified a scroll of acquirement
  8980 | D:8      | Acquired a +2 bardiche of venom
  9231 | D:8      | Noticed a red ugly thing
  9246 | D:8      | Killed a red ugly thing
  9247 | D:8      | Reached skill level 11 in Polearms
  9247 | D:8      | Reached skill level 5 in Armour
  9247 | D:8      | Reached XP level 10. HP: 64/74 MP: 10/10
  9297 | D:8      | You fall into a shaft and drop 3 floors!
  9348 | D:10     | Entered Level 10 of the Dungeon
  9411 | D:10     | Found a flagged portal.
  9429 | Bailey   | Entered a bailey
 10271 | Bailey   | Noticed an orc knight
 10302 | Bailey   | Killed an orc knight
 10303 | Bailey   | Reached skill level 12 in Polearms
 10714 | D:10     | Reached skill level 5 in Throwing
 10741 | D:10     | Found a staircase to the Orcish Mines.
 10891 | D:10     | Slain by a vampire

Illustrated notes

Levels and vault maps discovered:
D:1:      shiori_arrival_whats_in_store_for_you, layout_rooms,
          nrook_mini_vaults, feat_on_display
D:2:      cheibrodos_pilgrimage, layout_basic, kennysheep_generic_room_6
D:3:      layout_rooms, yredelemnul_altar_generic,
          nicolae_overflow_crystal_walls, lemuel_doored_altar,
          minmay_lizard_king
D:4:      layout_basic, nrook_loot_triangle
D:5:      layout_loops_corners, lemuel_round_altar, minmay_temple_entry_mist,
          kennysheep_pointless_box, cheibrodos_gnoll_hut, uniq_ijyb,
          uniq_sigmund
D:6:      layout_loops_ring, gammafunk_temple_overflow_arena,
          lemuel_round_altar, nrook_uturn
D:7:      layout_cave_pools, xom_teletrap_fun, minitemple, serial_shops, shop,
          eino_tiny_chamber
D:8:      layout_basic, nicolae_tso_besieged_by_evil, lair_entry_dummy
D:10:     layout_irregular_city, eat_drink_and_be_merry_uskayaw, orc_0_dummy,
          enter_bailey_2, uniq_nergalle
D:11:     layout_gridville, serial_rivers, chequers_serial_rivers_micro_a,
          chequers_serial_rivers_micro_a, chequers_serial_rivers_large_b,
          chequers_serial_rivers_micro_a, chequers_serial_rivers_micro_b
Temple:   compressed_dpeg_triangle_lava_temple

Skill      XL: |  1  2  3  4  5  6  7  8  9 10 |
---------------+-------------------------------+-----
Polearms       | 3 4 5 6 7 10 11 12 | 12.3
Fighting       | 4 5 |  5.0
Throwing       | 3 5 |  5.2
Shields        | 5 7 |  7.0
Armour         | 5 |  5.0

Action                   |  1- 3 |  4- 6 |  7- 9 | 10-12 || total
-------------------------+-------+-------+-------+-------++-------
Melee: Trident           |   137 |   216 |   284 |       ||   637
       Halberd           |       |       |    64 |    79 ||   143
 Abil: Dig               |     1 |     2 |       |     6 ||     9
Evoke: Wand              |       |       |       |     4 ||     4
  Use: Scroll            |     4 |    11 |     5 |     1 ||    21
       Potion            |       |       |       |     3 ||     3
 Stab: Distracted        |       |       |     1 |       ||     1
Armor: Scale mail        |    57 |    62 |    19 |       ||   138
       Plate armour      |       |       |    42 |    31 ||    73
Dodge: Dodged            |    57 |    61 |    45 |    13 ||   176
Block: Kite shield       |    73 |   108 |   191 |   118 ||   490
       Reflection        |       |     2 |     6 |    57 ||    65

Table legend: (Time is in decaauts)
 A = Elapsed time spent in this place.
 B = Non-inter-level travel time spent in this place.
 C = Inter-level travel time spent in this place.
 D = Time resting spent in this place.
 E = Time spent auto-exploring this place.
 F = Levels seen in this place.
 G = Mean time per level.
                   A        B        C        D        E       F      G
               +--------+--------+--------+--------+--------+-----+--------+
         Total |  11002 |  10675 |    327 |   1738 |   7077 |  12 |  916.8 |
       Dungeon |   9557 |   9230 |    327 |   1181 |   6473 |  10 |  955.7 |
        Temple |    295 |    295 |      0 |      0 |    284 |   1 |  295.0 |
        Bailey |   1149 |   1149 |      0 |    557 |    320 |   1 | 1149.0 |
               +--------+--------+--------+--------+--------+-----+--------+

Top non-repeatable levels by time:
     D:5: 1716 daAuts
     D:6: 1459 daAuts
     D:2: 1341 daAuts
     D:1: 1283 daAuts
  Bailey: 1149 daAuts
     D:4: 995 daAuts
     D:8: 835 daAuts
     D:7: 800 daAuts
     D:3: 683 daAuts
    D:10: 390 daAuts
  Temple: 295 daAuts
    D:11: 52 daAuts
